 Dungeon Crawl Stone Soup version 0.31.0-32-g396128a36d (webtiles) character file.

Game seed: 15095276990393116603

921 spaghetti the Skirmisher (level 7, -10/48 HPs)
             Began as a Demonspawn Artificer on Mar 14, 2024.
             Was a Follower of Ru.
             Mangled by a gnoll sergeant
             ... wielding a +0 spear
              (13 damage)
             ... on level 6 of the Dungeon.
             The game lasted 00:05:24 (4772 turns).

spaghetti the Skirmisher (Demonspawn Artificer)     Turns: 4772, Time: 00:05:24

Health: -10/48     AC: -1    Str: 12      XL:     7   Next: 84%
Magic:  7/7        EV: 18    Int:  7 (11) God:    Ru [*.....]
Gold:   278        SH:  0    Dex: 16      Spells: 6/6 levels left

rFire   . . .        b - +2 short sword (venom)
rCold   . . .        (no shield)
rNeg    . . .        p - +0 leather armour
rPois   .            (no helmet)
rElec   .            (no cloak)
rCorr   .            (no gloves)
SInv    .            (no boots)
Will    ++...        (no amulet)
Stlth   ++           n - ring of willpower
HPRegen 0.28/turn    i - +5 ring of evasion
MPRegen 0.10/turn

%: no passive effects
@: no status effects
A: hooves 1, repulsion field 1, foul stench 2, reduced AC 1, demonic magic 1,
deterioration 1, strong-willed 1
a: Renounce Religion


You were on level 6 of the Dungeon.
You worshipped Ru.
Ru was aware of your devotion.
You visited 1 branch of the dungeon, and saw 6 of its levels.

You collected 278 gold pieces.

Inventory:

Hand Weapons
 a - a +1 sling of flaming
 b - a +2 short sword of venom (weapon)
 g - a +0 club
Armour
 p - a +0 leather armour (worn)
Jewellery
 h - a ring of fire
 i - a +5 ring of evasion (right hand)
 j - a ring of flight
 l - a +6 ring of strength
 n - a ring of willpower (left hand)
Wands
 c - a wand of flame (16) (quivered)
 d - a wand of charming (11)
 e - a wand of iceblast (4)
 q - a wand of mindburst (13)
Scrolls
 v - a scroll of immolation {unknown}
 x - a scroll of vulnerability
 y - a scroll of poison
 z - a scroll of noise {unknown}
Potions
 f - a potion of lignification
 k - a potion of invisibility
 m - 2 potions of degeneration
 o - a potion of curing
 s - a potion of attraction
 t - a potion of enlightenment
 u - a potion of heal wounds
 w - a potion of ambrosia


   Skills:
 - Level 1.0 Fighting
 + Level 8.0 Ranged Weapons
 - Level 1.7 Armour
 - Level 0.8 Dodging
 - Level 1.5 Stealth
 - Level 3.0 Evocations


You had 6 spell levels left.
You didn't know any spells.
Your spell library was empty.

Dungeon Overview and Level Annotations

Branches:
Dungeon (6/15)             Temple (0/1) D:4

Altars:
Ru
Yredelemnul


Innate Abilities, Weirdness & Mutations

You have large cloven feet.
You are surrounded by a mild repulsion field. (EV +2)
You sometimes emit foul miasma when damaged in melee.
You take slightly more damage. (AC -5)
Spells you cast may paralyse adjacent enemies.
Your body sometimes deteriorates upon taking damage.
You are strong-willed. (Will+)


Message History

You are too injured to fight recklessly!
You are too injured to fight recklessly!
You are too injured to fight recklessly!
You are too injured to fight recklessly!
You are too injured to fight recklessly!
You are too injured to fight recklessly!
Your +1 sling of flaming stops flaming.
Your +2 short sword of venom begins to drip with poison!
b - a +2 short sword of venom (weapon)
The gnoll completely misses you.
The gnoll is engulfed in dark miasma.
The gnoll is poisoned.
The gnoll seems to slow down.
The gnoll misses you. The gnoll sergeant misses you.
You hit the gnoll.
The gnoll is poisoned.
You kick the gnoll.
The gnoll is heavily wounded.
The gnoll is no longer moving slowly.
The gnoll completely misses you. The gnoll misses you.
The gnoll sergeant hits you from afar with a +0 spear!
You hit the gnoll.
You kill the gnoll!
The gnoll is engulfed in dark miasma.
The gnoll looks even sicker.
You kill the gnoll!
The gnoll hits you with a +0 club. The gnoll sergeant closely misses you.
You hit the gnoll but do no damage.
The gnoll is poisoned.
You kick the gnoll.
The gnoll is moderately wounded.
The gnoll closely misses you. The gnoll completely misses you.
The gnoll sergeant hits you from afar with a +0 spear!
* * * LOW HITPOINT WARNING * * *
Okay, then.
Okay, then.
Aiming: Iceblast
Press: ? - help, Shift-Dir - straight line The mass of ice explodes!
The iceblast engulfs the gnoll!
You kill the gnoll!
The iceblast engulfs the gnoll sergeant!
The gnoll sergeant is severely wounded.
The iceblast engulfs the gnoll!
You kill the gnoll!
You hear an angry growl.
The gnoll sergeant hits you from afar with a +0 spear!
You die...

+#
#.......#....##..#...
+.......#....#...#...
#.......#....#...#...
#.......#....###+#...
#.......#....# #...
####.......#.....
....>......#.....
.......)...#
.......@...#
......)°)..+
......g....#
...........#
..####.....# ..
#.!.... #.......
#........


You could see a gnoll sergeant.

Vanquished Creatures
  Grinder (D:3)
  2 scorpions
  3 jellies
  A sleepcap (D:5)
  An orc priest (D:6)
  4 hounds
  2 orc wizards (D:6)
  2 iguanas
  5 gnolls (D:6)
  11 adders
  2 shadow imps
  A white imp (D:5)
  10 orcs
  9 endoplasms
  2 giant cockroaches
  4 goblins
  11 hobgoblins
  3 quokkas
  5 ball pythons
  8 bats
  4 frilled lizards
  9 kobolds
  2 rats
102 creatures vanquished.

Vanquished Creatures (collateral kills)
  An orc priest (D:4)
  An orc (D:4)
2 creatures vanquished.

Vanquished Creatures (others)
  An orc (D:4)
1 creature vanquished.

Grand Total: 105 creatures vanquished

Notes
Turn   | Place    | Note
-------+----------+-------------------------------------------
     0 | D:1      | spaghetti the Demonspawn Artificer began the quest for the
                  | Orb.
     0 | D:1      | Reached XP level 1. HP: 15/15 MP: 1/1
    27 | D:1      | Reached skill level 1 in Stealth
   191 | D:1      | Gained mutation: You are surrounded by a mild repulsion
                  | field. (EV +2) [demonic ancestry]
   191 | D:1      | Reached XP level 2. HP: 21/21 MP: 2/2
   192 | D:1      | Reached skill level 1 in Ranged Weapons
   495 | D:2      | Reached skill level 2 in Ranged Weapons
   708 | D:2      | Found a faded altar of an unknown god.
   816 | D:2      | Gained mutation: You may rarely emit foul miasma when
                  | damaged in melee. [demonic ancestry]
   816 | D:2      | Reached XP level 3. HP: 26/26 MP: 3/3
   907 | D:2      | Prayed at the altar of an unknown god.
   907 | D:2      | Became a worshipper of Ru the Awakened
  1071 | D:2      | Reached skill level 3 in Ranged Weapons
  1095 | D:2      | Gained mutation: You sometimes emit foul miasma when
                  | damaged in melee. [demonic ancestry]
  1095 | D:2      | Reached XP level 4. HP: 25/32 MP: 4/4
  1817 | D:3      | Noticed Grinder
  1830 | D:3      | Paralysed by Grinder for 2 turns
  1832 | D:3      | Killed Grinder
  1833 | D:3      | Reached skill level 5 in Ranged Weapons
  1833 | D:3      | Reached XP level 5. HP: 11/37 MP: 5/5
  1833 | D:3      | Gained mutation: You have large cloven feet. [demonic
                  | ancestry]
  1833 | D:3      | Reached XP level 6. HP: 13/43 MP: 6/6
  2798 | D:4      | Gained mutation: You take slightly more damage. (AC -5) [Ru
                  | sacrifice]
  2798 | D:4      | Reached * piety under Ru
  2827 | D:4      | Reached skill level 6 in Ranged Weapons
  3009 | D:4      | Gained mutation: Spells you cast may paralyse adjacent
                  | enemies. [demonic ancestry]
  3009 | D:4      | Reached XP level 7. HP: 48/48 MP: 7/7
  3465 | D:4      | Found a staircase to the Ecumenical Temple.
  3466 | D:4      | You fall into a shaft and drop 2 floors!
  3528 | D:6      | Reached skill level 7 in Ranged Weapons
  3555 | D:5      | Entered Level 5 of the Dungeon
  3910 | D:5      | Found a basalt altar of Yredelemnul.
  4004 | D:5      | Gained mutation: Your body sometimes deteriorates upon
                  | taking damage. [potion of mutation]
  4004 | D:5      | Gained mutation: You are strong-willed. (Will+) [potion of
                  | mutation]
  4518 | D:5      | Noticed an angel
  4746 | D:6      | Reached skill level 8 in Ranged Weapons
  4772 | D:6      | Mangled by a gnoll sergeant

Illustrated notes

Levels and vault maps discovered:
D:1:      dpeg_arrival_lava_altar, layout_rooms, st_stairs_5,
          chequers_hall_statues_wall_a
D:2:      minmay_skewed_foursquare, layout_basic,
          chequers_ecumenical_altar_island, minmay_misc_feat_tower,
          minmay_close_crescents
D:3:      layout_loops_corners, uniq_grinder
D:4:      nicolae_cairo_tiling_large, layout_rooms, minmay_temple_entry_slanted
D:5:      layout_cave_pods, grunt_temple_overflow_holy_war, roderic_lattice_a
D:6:      layout_gridville, kennysheep_potato, uniq_eustachio

Skill      XL: |  1  2  3  4  5  6  7 |
---------------+----------------------+-----
Stealth        | 1 |  1.5
Ranged Weapons | 2 3 5 6 8 |  8.0
Fighting       | |  1.0
Armour         | |  1.7
Dodging        | |  0.8
Evocations     | |  3.0

Action                     |  1- 3 |  4- 6 |  7- 9 || total
---------------------------+-------+-------+-------++-------
  Melee: Club              |     9 |       |       ||     9
         Short sword       |       |    20 |     3 ||    23
         Kick              |       |     5 |     2 ||     7
   Fire: Sling             |   117 |   122 |    89 ||   328
 Invoke: Sacrifice Health  |       |     1 |       ||     1
  Evoke: Wand              |       |     8 |     4 ||    12
    Use: Potion            |     4 |     2 |     2 ||     8
         Scroll            |     3 |     2 |     5 ||    10
 Armour: Leather armour    |    48 |    21 |    19 ||    88
  Dodge: Dodged            |   102 |    68 |    29 ||   199
